 Dungeon Crawl Stone Soup version 0.20.1-1-g8b1a95d (console) character file.

153 bli the Chiller (level 5, -11/36 HPs)
             Began as a Merfolk Ice Elementalist on July 22, 2017.
             Mangled by an ogre
             ... wielding a +0 giant club
              (23 damage)
             ... on level 3 of the Dungeon.
             The game lasted 00:07:28 (2512 turns).

bli the Chiller (Merfolk Ice Elementalist)          Turns: 2512, Time: 00:07:29

Health: -11/36     AC:  2    Str:  9    XL:     5   Next: 35%
Magic:  7/10       EV: 13    Int: 14    God:
Gold:   61         SH:  0    Dex: 15    Spells: 10/11 levels left

rFire    . . .     SeeInvis .   i - +0 hand axe
rCold    . . .     Gourm    .   (no shield)
rNeg     . . .     Faith    .   a - +0 robe
rPois    .         Spirit   .   (no helmet)
rElec    .         Reflect  .   (no cloak)
rCorr    .         Harm     .   (no gloves)
MR       .....                  (no boots)
Stlth    ++........             (no amulet)
Regen    0.2/turn               (no ring)
MPRegen  0.2/turn               (no ring)

@: no status effects
A: change form in water, swift swim, stealthy swim
a: no special abilities


You were on level 3 of the Dungeon.
You were not hungry.

You visited 1 branch of the dungeon, and saw 3 of its levels.

You collected 61 gold pieces.

Inventory:

Hand Weapons
 i - a +0 hand axe (weapon)
Missiles
 e - 164 stones (quivered)
Armour
 a - a +0 robe (worn)
 g - a +0 buckler
Scrolls
 d - a scroll of teleportation {unknown}
 j - a scroll of immolation {unknown}
 l - 3 scrolls of remove curse {unknown}
 m - 2 scrolls of identify {unknown}
 n - a scroll of amnesia {unknown}
Potions
 h - a potion of invisibility {unknown}
Books
 b - a book of Frost

   Spells                             Type                      Level
   a - Freeze                         Ice                          1
   b - Throw Frost                    Conjuration/Ice              2
   c - Ozocubu's Armour               Charms/Ice                   3
   d - Throw Icicle                   Conjuration/Ice              4
   e - Summon Ice Beast               Ice/Summoning                4
Comestibles
 c - 3 bread rations
 f - 2 meat rations
 k - 2 royal jellies


   Skills:
 + Level 0.4 Fighting
 + Level 3.1 Dodging
 + Level 2.5 Stealth
 * Level 3.6 Spellcasting
   Level 0.7 Conjurations
 + Level 4.8 Ice Magic


You had 10 spell levels left.
You knew the following spells:

 Your Spells              Type           Power        Failure   Level  Hunger
a - Freeze                Ice            ###.         2%          1    None


Dungeon Overview and Level Annotations

Branches:
Dungeon (3/15)

Altars:
Fedhas
Makhleb

Annotations:
D:3 bli's ghost, amateur MfIE


Message History

Casting: Freeze
Confirm with . or Enter, or press ? or * to list all spells.
Aiming: Freeze
Press: ? - help, Shift-Dir - straight line, f/p - ogre
Aim: an ogre, wielding a giant club (moderately wounded)
You freeze the ogre.
The ogre is heavily wounded.
The ogre closely misses you.
Casting: Freeze
Confirm with . or Enter, or press ? or * to list all spells.
Aiming: Freeze
Press: ? - help, Shift-Dir - straight line, f/p - ogre
Aim: an ogre, wielding a giant club (heavily wounded)
You freeze the ogre.
The ogre is severely wounded.
You completely miss the ogre.
The ogre is severely wounded.
The ogre hits you with a giant club!!
Ouch! That really hurt!
You die...

# # # ### # ..# #
#.# # #.# ######
#(# #....# #.#
#.##.# #O# #.#..#
#@###########.#.##
#.............#...
##################


You could see an ogre.

Vanquished Creatures
  2 worker ants
  Jessica (D:2)
  2 adders
  2 worms (D:2)
  A dart slug (D:2)
  2 leopard geckos
  A ball python (D:2)
  11 bats
  2 giant cockroaches
  7 goblins
  4 hobgoblins
  4 jackals (D:3)
  2 frilled lizards
  4 kobolds
  4 rats
49 creatures vanquished.

Notes
Turn   | Place    | Note
-------+----------+-------------------------------------------
     0 | D:1      | bli the Merfolk Ice Elementalist began the quest for the Orb.
     0 | D:1      | Reached XP level 1. HP: 13/13 MP: 3/3
   194 | D:1      | Reached XP level 2. HP: 17/19 MP: 5/5
   496 | D:1      | Reached skill level 4 in Ice Magic
   574 | D:2      | Found a blossoming altar of Fedhas.
   603 | D:2      | Reached XP level 3. HP: 21/24 MP: 1/6
   663 | D:2      | Noticed Jessica
   672 | D:2      | Killed Jessica
  1005 | D:2      | Reached XP level 4. HP: 30/30 MP: 8/8
  1013 | D:2      | Found a burning altar of Makhleb.
  1878 | D:3      | Noticed bli's ghost (amateur MfIE)
  2162 | D:2      | Reached XP level 5. HP: 15/35 MP: 10/10
  2504 | D:3      | Noticed an ogre
  2512 | D:3      | Mangled by an ogre

Skill      XL: |  1  2  3  4 |
---------------+-------------+-----
Ice Magic      | 4 |  4.8
Dodging        | 3 |  3.1
Spellcasting   | 3 |  3.6
Fighting       | |  0.4
Stealth        | |  2.5
Conjurations   | |  0.7

Action                   |  1- 3 |  4- 6 || total
-------------------------+-------+-------++-------
Melee: Unarmed           |     5 |       ||     5
       Hand axe          |    41 |    56 ||    97
Throw: Stone             |       |     1 ||     1
 Cast: Freeze            |    21 |    40 ||    61
 Stab: Sleeping          |     3 |     6 ||     9
  Eat: Chunk             |     1 |     5 ||     6
Armor: Robe              |    11 |    14 ||    25
Dodge: Dodged            |    56 |    84 ||   140
